 Dungeon Crawl Stone Soup version 0.28-a0-556-gab23d0e057 (webtiles) character file.

Game seed: 16431929412933868491

252 tilp the Ducker (level 5, 24/24 HPs)
             Began as a Felid Hedge Wizard on Sept 28, 2021.
             Was a Follower of Dithmenos.
             Quit the game on level 5 of the Dungeon on Sept 29, 2021.
             The game lasted 00:19:42 (9929 turns).

tilp the Ducker (Felid Hedge Wizard)                Turns: 9929, Time: 00:19:43

Health: 24/24      AC:  2    Str:  6    XL:     5   Next: 89%
Magic:  12/12      EV: 19    Int: 18    God:    Dithmenos [*.....]
Gold:   263        SH:  0    Dex: 15    Spells: 5/12 levels left
                                        Lives:  0   Deaths: 2

rFire   . . .      SeeInvis +     - Unarmed
rCold   . . .      Faith    .   (shield unavailable)
rNeg    . . .      Spirit   .   (armour unavailable)
rPois   .          Reflect  .   (helmet unavailable)
rElec   .          Harm     .   (cloak unavailable)
rCorr   .          Rampage  .   (gloves unavailable)
Will    .....                   (boots unavailable)
Stlth   +++.......              (no amulet)
HPRegen 0.08/turn               (no ring)
MPRegen 0.13/turn               (no ring)

@: wreathed by umbra, quick
A: very small, claws 1, fangs 3, see invisible, speed 1, shaggy fur 2, stealthy
paws, no weapons or thrown items, no armour, multi-lived
a: Renounce Religion


You were on level 5 of the Dungeon.
You worshipped Dithmenos.
Dithmenos was aware of your devotion.
You visited 1 branch of the dungeon, and saw 5 of its levels.

You collected 263 gold pieces.

Inventory:

Jewellery
 g - an amulet of faith
Wands
 c - a wand of acid (2)
 i - a wand of charming (14)
Scrolls
 a - a scroll of identify
 e - 2 scrolls of teleportation
 f - 4 scrolls of amnesia
Potions
 b - 2 potions of lignification
 d - 3 potions of curing
 h - 2 potions of magic
 j - a potion of might
 k - a potion of flight {unknown}


   Skills:
 + Level 3.1 Fighting
 + Level 5.1 Dodging
 - Level 4.0 Stealth
 + Level 3.1 Unarmed Combat
 - Level 4.0 Spellcasting
 - Level 4.0 Conjurations
 - Level 2.0 Hexes
 - Level 1.0 Summonings
 - Level 2.0 Translocations
 - Level 2.0 Evocations


You had 5 spell levels left.
You knew the following spells:

 Your Spells              Type           Power      Damage    Failure   Level
a - Magic Dart            Conj           72%        1d6       2%          1
b - Call Imp              Summ           7%         N/A       14%         2
c - Blink                 Tloc           N/A        N/A       10%         2
d - Slow                  Hex            10%        N/A       10%         2

Your spell library contained the following spells:

 Spells                   Type           Power      Damage    Failure   Level
 Confusing Touch          Hex            10%        N/A       19%         3
 Conjure Flame            Conj/Fire      10%        6-21      19%         3
 Mephitic Cloud           Conj/Pois/Air  8%         N/A       26%         3
 Yara's Violent Unravell  Hex/Tmut       3%         3d4       95%         5


Dungeon Overview and Level Annotations

Branches:
Dungeon (5/15)             Temple (0/1) D:4

Altars:
Dithmenos
Makhleb

Shops:
D:2 *

Annotations:
D:2 roaming priest!
D:3 !, gnoll sargent, Sigmund
D:4 exclusions: hound and ogre
D:5 4 runed translucent doors, exclusion: ice beast, Eustachio, Prince Ribbit


Innate Abilities, Weirdness & Mutations

You have sharp claws.
You have razor-sharp teeth.
You have supernaturally acute eyesight. (SInv)
You cover ground quickly. (Speed+)
You are covered in thick fur. (AC +2)
Your paws help you pounce on unaware monsters.
You are incapable of wielding weapons or throwing items.
You cannot wear armour.
You gain extra lives every three experience levels.


Message History

A howler monkey comes into view.
The howler monkey howls!
The howler monkey completely misses you.
You completely miss the howler monkey.
The howler monkey completely misses you.
You scratch the howler monkey.
The howler monkey is moderately wounded.
The howler monkey barely misses you.
You scratch the howler monkey. Your bite misses the howler monkey.
The howler monkey is severely wounded.
The howler monkey closely misses you.
You barely miss the howler monkey.
The howler monkey is severely wounded.
The howler monkey hoots and howls with incredible vigour!
You closely miss the howler monkey.
The howler monkey is severely wounded.
The howler monkey hits you. x2
You closely miss the howler monkey.
The howler monkey is severely wounded.
The howler monkey misses you.
You scratch the howler monkey but do no damage.
The howler monkey is severely wounded.
The howler monkey misses you.
You scratch the howler monkey.
The howler monkey is almost dead.
The howler monkey closely misses you.
You scratch the howler monkey.
You kill the howler monkey!
Dithmenos accepts your kill.
You see here a howler monkey corpse.
HP restored.
There is an open door here.
You hear the rapid rusting of a drain very nearby.
You see here the felid corpse of tilp.
A two-headed ogre is nearby!
Unknown command.
No reachable target in view!
No reachable target in view!
No reachable target in view!
Are you sure you want to abandon this character and quit the game? (Confirm with "yes".)

######.#..#.......#
!.................#
###..######.......######
?...##8!"8##.+#........#
###.#8....8#...........#
....+......+...........#
###.+.....O+........?..#
....#8....8#O.#........#
###.##8))8##.##[@.÷....#
.....######.....#.######
.###'# #'###...#
##...######.#.##..#
#.#.##)##|##)#.#.?#
#.##†#.##.§###.#..#
#.#|##O####..#.#..#
#.###.†##.##.#.#..#
##....####....##..#


There were no monsters in sight!

Vanquished Creatures
  A phantom (D:4)
  A scorpion (D:5)
  A water moccasin zombie (D:5)
  A water moccasin skeleton (D:5)
  A howler monkey (D:5)
  2 hounds
  Jessica (D:3)
  2 orc wizards
  Robin (D:3)
  9 gnolls
  7 adders
  2 ufetubi
  A worm (D:2)
  3 dart slugs
  11 orcs
  8 ball pythons
  6 bats
  9 endoplasms
  4 giant cockroaches
  13 goblins
  8 hobgoblins
  4 jackals
  A quokka (D:1)
  2 frilled lizards (D:1)
  5 kobolds
  4 rats
108 creatures vanquished.

Vanquished Creatures (collateral kills)
  A scorpion (D:4)
  A bullfrog zombie (D:5)
  A centaur skeleton (D:4)
  A gnoll shaman (D:4)
  A gnoll (D:4)
5 creatures vanquished.

Vanquished Creatures (others)
  9 demonic plants (D:2)
  5 fungi (D:2)
  6 plants (D:2)
20 creatures vanquished.

Grand Total: 133 creatures vanquished

Notes
Turn   | Place    | Note
-------+----------+-------------------------------------------
     0 | D:1      | tilp the Felid Hedge Wizard began the quest for the Orb.
     0 | D:1      | Reached XP level 1. HP: 7/7 MP: 5/5
    19 | D:1      | Reached skill level 1 in Conjurations
   328 | D:1      | Reached XP level 2. HP: 11/11 MP: 4/7
  1146 | D:1      | Reached XP level 3. HP: 14/14 MP: 6/8
  1398 | D:1      | Learned a level 2 spell: Call Imp
  1401 | D:1      | Learned a level 2 spell: Blink
  1404 | D:1      | Learned a level 2 spell: Slow
  1615 | D:2      | Found a faded altar of an unknown god.
  1776 | D:2      | Found Ygecivar's General Store.
  1776 | D:2      | You fall into a shaft and drop 2 floors!
  1795 | D:4      | Upgraded the game from 0.28-a0-537-g3bccd9ccbf to
                  | 0.28-a0-556-gab23d0e057
  2188 | D:2      | Reached XP level 4. HP: 18/18 MP: 0/9
  2513 | D:2      | Found a shadowy altar of Dithmenos.
  2639 | D:2      | Became a worshipper of Dithmenos the Shadowed
  3287 | D:3      | Noticed Jessica
  3292 | D:3      | Killed Jessica
  3573 | D:3      | Reached skill level 1 in Unarmed Combat
  3963 | D:3      | Noticed Robin
  3972 | D:3      | Reached XP level 5. HP: 19/21 MP: 7/10
  4144 | D:3      | Killed Robin
  4422 | D:3      | Found a burning altar of Makhleb.
  4422 | D:3      | Noticed a cacodemon
  4693 | D:4      | Reached skill level 1 in Fighting
  4693 | D:4      | Reached skill level 3 in Dodging
  4895 | D:4      | Noticed a phantom
  5093 | D:4      | Noticed an ogre
  5606 | D:4      | Reached * piety under Dithmenos
  5870 | D:3      | Gained mutation: You are covered in thick fur. (AC +2)
                  | [Felid growth]
  5870 | D:3      | Reached XP level 6. HP: 4/26 MP: 0/11
  6559 | D:4      | Found a staircase to the Ecumenical Temple.
  7103 | D:4      | Reached skill level 4 in Dodging
  7880 | D:4      | Reached skill level 1 in Hexes
  7880 | D:4      | Reached skill level 1 in Evocations
  8655 | D:4      | Reached XP level 7. HP: 30/30 MP: 9/13
  8998 | D:3      | Noticed Sigmund
  9112 | D:5      | Entered Level 5 of the Dungeon
  9173 | D:5      | Found a large runed translucent door.
  9174 | D:5      | Found a large runed translucent door.
  9174 | D:5      | Noticed Eustachio
  9414 | D:5      | Identified the +3 ring mail of Nureegat {rCorr}
  9522 | D:5      | Found a large runed translucent door.
  9522 | D:5      | Found a large runed translucent door.
  9566 | D:5      | Reached skill level 5 in Dodging
  9577 | D:5      | Noticed a two-headed ogre
  9580 | D:5      | Mangled by a two-headed ogre
  9581 | D:5      | Reached XP level 6. HP: -7/28 MP: 3/13
  9584 | D:5      | Noticed a two-headed ogre
  9616 | D:5      | Noticed Prince Ribbit
  9787 | D:5      | Killed from afar by Eustachio
  9788 | D:5      | Reached XP level 5. HP: 0/24 MP: 12/12
  9929 | D:5      | Quit the game

Illustrated notes

Levels and vault maps discovered:
D:1:      psy_arrival_dodecagon, layout_loops_cross
D:2:      layout_rooms, shapermc_ecumenical_altar_gd, serial_shops, shop_statue,
          basic_altar, minmay_pentomino_r2
D:3:      layout_loops_ring, makhleb_altar_promises_db,
          chequers_serial_rivers_micro_d, roderic_lattice_a, uniq_robin,
          uniq_sigmund, uniq_jessica
D:4:      layout_loops_ring, temple_green
D:5:      layout_basic, cheibrodos_sewer_entry_sluice,
          minmay_hollow_rounded_squares, uniq_prince_ribbit1, uniq_eustachio

Skill      XL: |  1  2  3  4  5  6  7 |
---------------+----------------------+-----
Conjurations   | 1 2 3 4 |  4.0
Unarmed Combat | 1 2 3 |  3.1
Stealth        | 3 4 |  4.0
Fighting       | 1 2 3 |  3.1
Dodging        | 3 4 5 |  5.1
Hexes          | 2 |  2.0
Translocations | 2 |  2.0
Evocations     | 1 2 |  2.0
Spellcasting   | 4 |  4.0
Summonings     | |  1.0

Action                   |  1- 3 |  4- 6 |  7- 9 || total
-------------------------+-------+-------+-------++-------
Melee: Unarmed           |    10 |    19 |    10 ||    39
       Bite              |       |       |     2 ||     2
 Cast: Magic Dart        |   109 |   245 |    68 ||   422
       Call Imp          |       |     5 |     4 ||     9
  Use: Scroll            |     6 |     8 |       ||    14
       Potion            |       |     1 |       ||     1
 Stab: Sleeping          |       |       |     3 ||     3
Armor: Skin              |       |     2 |     2 ||     4
Dodge: Dodged            |    18 |    84 |    48 ||   150

Table legend: (Time is in decaauts)
 A = Elapsed time spent in this place.
 B = Non-inter-level travel time spent in this place.
 C = Inter-level travel time spent in this place.
 D = Time resting spent in this place.
 E = Time spent auto-exploring this place.
 F = Levels seen in this place.
 G = Mean time per level.
                   A        B        C        D        E       F      G
               +--------+--------+--------+--------+--------+-----+--------+
         Total |   9058 |   8703 |    355 |   3800 |   3098 |   5 | 1811.6 |
       Dungeon |   9058 |   8703 |    355 |   3800 |   3098 |   5 | 1811.6 |
               +--------+--------+--------+--------+--------+-----+--------+

Top non-repeatable levels by time:
     D:4: 3407 daAuts
     D:3: 1916 daAuts
     D:1: 1686 daAuts
     D:2: 1412 daAuts
     D:5: 635 daAuts
